 Dungeon Crawl Stone Soup version 0.18-a0-993-g4a3b7c7 (webtiles) character file.

198 M4edhros the Sneak (level 5, -1/33 HPs)
             Began as an Octopode Artificer on Jan 4, 2016.
             Slain by an orc
             ... wielding a +0 falchion
              (6 damage)
             ... on level 4 of the Dungeon.
             The game lasted 00:02:50 (2073 turns).

M4edhros the Sneak (Octopode Artificer)             Turns: 2073, Time: 00:02:50

Health: -1/33      AC:  3    Str: 11    XL:     5   Next: 77%
Magic:  8/8        EV: 13    Int: 15    God:
Gold:   106        SH:  0    Dex: 12    Spells: 0 memorised, 4 levels left

rFire  . . .     SeeInvis +     a - +0 short sword
rCold  . . .     Gourm    .     (no shield)
rNeg   . . .     Faith    .     i - +2 hat
rPois  .         Spirit   .     k - amulet of resist corrosion
rElec  .         Dismiss  .     j - ring of see invisible
rCorr  +         Reflect  .     (no ring)
SustAt .         Harm     .     (no ring)
MR     .....                    (no ring)
Stlth  ++++......               (no ring)
                                (no ring)
                                (no ring)
                                (no ring)

@: slowed, very slow, not resistant to hostile enchantments, stealthy
A: almost no armour, amphibious, 8 rings, constrict 8, camouflage 1, gelatinous
body 1
a: no special abilities


You were on level 4 of the Dungeon.
You were not hungry.

You visited 1 branch of the dungeon, and saw 4 of its levels.

You collected 106 gold pieces.

Inventory:

Hand Weapons
 a - a +0 short sword (weapon)
 n - a +0 hunting sling
Missiles
 e - 72 stones (quivered)
Armour
 i - a +2 hat (worn)
Jewellery
 j - a ring of see invisible (left tentacle)
 k - an amulet of resist corrosion (around mantle)
Wands
 b - a wand of flame (6/48)
 c - a wand of enslavement (14/24)
 d - a wand of random effects (10/48)
Scrolls
 g - 4 scrolls of identify {unknown}
 l - a scroll of random uselessness {unknown}
 m - a scroll of enchant weapon {unknown}
 o - a scroll of remove curse {unknown}
 q - a scroll of teleportation {unknown}
Potions
 h - 2 potions of haste
Comestibles
 f - a bread ration
 p - a slice of pizza


   Skills:
 - Level 1.0 Fighting
 - Level 1.0 Short Blades
 * Level 2.4 Slings
 * Level 3.3 Dodging
 * Level 4.5 Stealth
 + Level 4.1 Evocations


You had 4 spell levels left.
You didn't know any spells.

Dungeon Overview and Level Annotations

Branches:
Dungeon (4/15)
 Temple: D:4-7

Altars:


Innate Abilities, Weirdness & Mutations

You cannot wear most types of armour.
You are amphibious.
You can wear up to eight rings at the same time.
You can use your tentacles to constrict eight enemies at once.
Your skin changes colour to match your surroundings (Stealth).
Your rubbery body absorbs attacks (AC +1).


Message History

This wand has 8 charges left.
Evoke which item? (* to show all) (? for menu, Esc to quit)
Zapping:
b - a wand of flame (8/48)
Press: ? - help, Shift-Dir - straight line, f/p - orc wizard
Aim: an orc wizard, wielding a dagger and wearing a robe (almost dead, fast)
The puff of flame misses the orc wizard.
This wand has 7 charges left.
The orc wizard casts a spell at you. The magic dart hits you!
* * * LOW HITPOINT WARNING * * *
The orc wizard hits you but does no damage.
Unknown command.
Evoke which item? (* to show all) (? for menu, Esc to quit)
Zapping:
b - a wand of flame (7/48)
Press: ? - help, Shift-Dir - straight line, f - orc, p - orc wizard
Aim: an orc, wielding a falchion and wearing a ring mail (severely wounded)
The puff of flame hits the orc wizard.
You kill the orc wizard!
This wand has 6 charges left.
The orc hits you with a falchion.
You die...

# #..........#..#..
####...###[#####.....)
#.(...####.#.......#.#
#..........# ##.#.#
#..#####.######....#
... #.............. #
..[...#)######.# ##
########)######. #
#.o@............
#.)#####.#####.. ##.
#.# #. #.# #. #.. #.
#.. #. #... #. #...


You could see an orc.

Vanquished Creatures
  A giant frog skeleton (D:4)
  2 orc wizards (D:4)
  A worker ant (D:4)
  A gnoll (D:3)
  3 adders
  2 worms (D:3)
  5 giant geckos
  6 orcs
  A ball python (D:4)
  2 bats (D:1)
  2 giant cockroaches
  5 goblins
  5 hobgoblins
  3 kobolds
  A quokka (D:2)
  A giant gecko skeleton (D:4)
  4 giant newts
  A jackal skeleton (D:3)
  A rat (D:1)
47 creatures vanquished.

Vanquished Creatures (collateral kills)
  A giant cockroach (D:4)
1 creature vanquished.

Grand Total: 48 creatures vanquished

Notes
Turn   | Place    | Note
--------------------------------------------------------------
     0 | D:1      | M4edhros the Octopode Artificer began the quest for the Orb.
     0 | D:1      | Reached XP level 1. HP: 13/13 MP: 3/3
    71 | D:1      | Reached XP level 2. HP: 8/18 MP: 4/4
   565 | D:2      | Reached XP level 3. HP: 23/23 MP: 5/5
   609 | D:2      | Reached skill level 1 in Slings
   632 | D:2      | HP: 1/23 [poisoned by an adder]
   638 | D:2      | HP: 1/23 [poisoned by an adder]
  1478 | D:3      | Reached XP level 4. HP: 12/28 MP: 6/6
  1685 | D:4      | Reached skill level 4 in Stealth
  1704 | D:4      | Reached XP level 5. HP: 28/33 MP: 7/7
  1789 | D:4      | Noticed a slave
  2073 | D:4      | Slain by an orc

Vault maps used:
D:1:      erik_arrival_cave_to_civilisation, serial_bayou_pond_e
D:2:      hangedman_feature_mirror, evilmike_ruin_ashenzari
D:3:      amethyst_overflow_temple_binary
D:4:      led_sif_book, first_bread, uniq_pikel

Action                   |  1- 3 |  4- 6 || total
-------------------------+-------+-------++-------
Melee: Short sword       |    72 |    30 ||   102
Evoke: Wand              |     2 |    13 ||    15
  Use: Potion            |     1 |       ||     1
 Stab: Sleeping          |     7 |       ||     7
       Distracted        |     1 |       ||     1
       Paralysed         |       |     1 ||     1
  Eat: Chunk             |     1 |     3 ||     4
